 Dungeon Crawl Stone Soup version 0.15-a0-335-g04a2ae6 (webtiles) character file.

2099 PolkaDot the Covert (level 8, -2/55 HPs)
             Began as a Vampire Gladiator on Apr 30, 2014.
             Slain by an unseen horror (8 damage)
             ... on Level 7 of the Dungeon.
             The game lasted 00:29:11 (5985 turns).

PolkaDot the Covert (Vampire Gladiator)             Turns: 5985, Time: 00:29:11

HP  -2/55        AC 17     Str 14      XL: 8   Next: 88%
MP   8/8         EV 12     Int 10      God:
Gold 254         SH  0     Dex 16      Spells:  0 memorised,  7 levels left

rFire  + . .     SeeInvis +     w - +3,+2 cutlass (vamp)
rCold  . . .     Clarity  .     x - +2 leather armour {rF+}
rNeg   . . .     Conserve .     (no shield)
rPois  .         rCorr    .     c - +0 helmet
rElec  .         rRot     .     a - +0 cloak
SustAb . .       Spirit   .     (no gloves)
rMut   .         Warding  .     l - +2 pair of boots
Saprov . . .     Stasis   .     (no amulet)
MR     .....                    b - +3 ring of protection
                                j - +3 ring of protection

@: regenerating quickly, not resistant to hostile enchantments, quite stealthy
A: bottle blood, fangs 3, see invisible, unbreathing
a: Bottle Blood


You were on level 7 of the Dungeon.
You were very full.

You visited 2 branches of the dungeon, and saw 8 of its levels.

You collected 254 gold pieces.

Inventory:

Hand weapons
 w - a +3,+2 vampiric cutlass (weapon)
Missiles
 d - 23 darts of frost
 g - 3 darts of dispersal
 s - 30 darts (quivered)
 t - a throwing net
Armour
 a - a +0 cloak (worn)
 c - a +0 helmet (worn)
 l - a +2 pair of boots (worn)
 x - a +2 leather armour of fire resistance (worn)
Magical devices
 o - a wand of slowing (9)
 v - a wand of digging (1)
 y - a wand of random effects (9)
Scrolls
 e - 4 scrolls of teleportation
 h - 4 scrolls of identify
 k - 5 scrolls of remove curse
 q - 2 scrolls of recharging
Jewellery
 b - a +3 ring of protection (right hand)
 j - a +3 ring of protection (left hand)
Potions
 f - a potion of brilliance
 r - a potion of mutation {!q}


   Skills:
 - Level 1.7 Fighting
 + Level 7.8 Short Blades
 - Level 1.5 Throwing
 + Level 4.4 Armour
 - Level 3.2 Dodging
 * Level 11.6 Stealth


You had 7 spell levels left.
You didn't know any spells.

Dungeon Overview and Level Annotations

Branches:
Dungeon (7/15)             Temple (1/1) D:4

Altars:
Ashenzari
Cheibriados
Dithmenos
Elyvilon
Kikubaaqudgha
Makhleb
Nemelex Xobeh
Okawaru
Sif Muna
Trog
Vehumet
Xom
Zin
The Shining One


Innate Abilities, Weirdness & Mutations

Your natural rate of healing is unusually fast.
You can bottle blood from corpses.
You have razor-sharp teeth.*
You have supernaturally acute eyesight.
You can survive without breathing.*


Message History

The unseen horror is severely wounded.
The unseen horror hits you but does no damage.
The unseen horror hits you.
* * * LOW HITPOINT WARNING * * *
You hit the unseen horror but do no damage.
The unseen horror is severely wounded.
The unseen horror hits you!
* * * LOW HITPOINT WARNING * * *
You hit the unseen horror but do no damage.
Your bite misses the unseen horror.
The unseen horror is severely wounded.
The unseen horror hits you but does no damage.
Drink which item? (? for menu, Esc to quit)
Okay, then.
Read which item? (? for menu, Esc to quit)
Okay, then.
You hit the unseen horror.
You feel better.
You bite the unseen horror.
The unseen horror is almost dead.
The unseen horror hits you!
You die...

. . .. .. .... ....
#...## ##...#
#..y.? (....#
#....#.y..# #....y#
#+#################
#x@.)..............
###################


You could see an unseen horror (invisible).

Vanquished Creatures
  Eustachio (D:4)
  An ice beast (D:6)
  Purgy (D:4)
  A phantom (D:6)
  An ogre (D:5)
  2 centaurs
  Sigmund (D:4)
  2 giant frogs
  4 killer bees (D:7)
  2 scorpions
  2 crimson imps
  A giant frog zombie (D:5)
  3 hounds
  2 orc priests
  5 worker ants
  A centaur skeleton (D:5)
  4 orc wizards
  Jessica (D:2)
  An ogre skeleton (D:6)
  8 adders
  A worm (D:5)
  An iguana zombie (D:7)
  3 giant geckos
  9 orcs
  3 ball pythons
  13 bats
  5 giant cockroaches
  14 hobgoblins
  6 giant newts
  13 goblins
  A hobgoblin skeleton (D:5)
  12 kobolds
  A kobold zombie (D:7)
  2 orc zombies (D:5)
  A quokka (D:2)
  12 rats
  A rat zombie (D:6)
  3 plants (D:3)
145 creatures vanquished.

Notes
Turn   | Place    | Note
--------------------------------------------------------------
     0 | D:1      | PolkaDot, the Vampire Gladiator, began the quest for the Orb.
     0 | D:1      | Reached XP level 1. HP: 16/16 MP: 1/1
   214 | D:1      | Reached XP level 2. HP: 17/22 MP: 2/2
   322 | D:1      | Reached skill level 4 in Short Blades
   434 | D:1      | Reached skill level 1 in Stealth
   709 | D:2      | Noticed Jessica
   724 | D:2      | Killed Jessica
   724 | D:2      | Reached XP level 3. HP: 13/27 MP: 3/3
  1487 | D:2      | Reached XP level 4. HP: 33/33 MP: 4/4
  1878 | D:3      | Reached skill level 1 in Armour
  1988 | D:3      | Noticed a centaur
  2007 | D:3      | Killed a centaur
  2007 | D:3      | Reached skill level 5 in Short Blades
  2007 | D:3      | Reached XP level 5. HP: 26/38 MP: 5/5
  3029 | D:4      | Noticed Eustachio
  3344 | D:4      | Noticed Sigmund
  3371 | D:4      | Killed Sigmund
  3371 | D:4      | Reached skill level 5 in Stealth
  3371 | D:4      | Reached XP level 6. HP: 27/44 MP: 6/6
  3626 | D:4      | Reached skill level 6 in Short Blades
  3804 | D:4      | Noticed Purgy
  3813 | D:4      | Killed Purgy
  3813 | D:4      | Reached XP level 7. HP: 46/49 MP: 7/7
  3858 | D:4      | Killed Eustachio
  3858 | D:4      | Reached skill level 7 in Stealth
  3990 | D:4      | Found a staircase to the Ecumenical Temple.
  3999 | Temple   | Entered the Ecumenical Temple
  4400 | D:5      | Entered Level 5 of the Dungeon
  4434 | D:5      | Reached skill level 8 in Stealth
  4898 | D:5      | Reached skill level 9 in Stealth
  4930 | D:5      | Reached XP level 8. HP: 53/55 MP: 8/8
  4980 | D:5      | Found a burning altar of Makhleb.
  5268 | D:6      | Reached skill level 10 in Stealth
  5504 | D:6      | Found a bloodstained altar of Trog.
  5553 | D:6      | Found a shattered altar of Ashenzari.
  5646 | D:6      | Reached skill level 11 in Stealth
  5876 | D:7      | Paralysed by a giant eyeball for 2 turns
  5887 | D:7      | Noticed an unseen horror
  5985 | D:7      | Slain by an unseen horror

Action                   |  1- 3 |  4- 6 |  7- 9 || total
-------------------------+-------+-------+-------++-------
Melee: Cutlass           |   135 |   349 |   387 ||   871
Throw: Throwing net      |     3 |    10 |       ||    13
       Dart              |       |     1 |       ||     1
Evoke: Wand              |       |     3 |       ||     3
  Use: Potion            |     1 |     9 |     3 ||    13
       Scroll            |       |     9 |    11 ||    20
 Stab: Held in net/web   |     2 |     1 |       ||     3
       Sleeping          |     4 |     6 |    12 ||    22
       Invisible         |       |     3 |       ||     3
